 Dungeon Crawl Stone Soup version 0.29.0-13-gc9e81de378 (webtiles) character file.

Game seed: 4685808969284583945

83 emagee the Chopper (level 4, 0/35 HPs)
             Began as a Formicid Abyssal Knight on Sept 9, 2022.
             Was a Priest of Lugonu.
             Slain by an orc wizard
             ... wielding a +0 dagger
              (2 damage)
             ... on level 3 of the Dungeon.
             The game lasted 00:04:59 (1743 turns).

emagee the Chopper (Formicid Abyssal Knight)        Turns: 1743, Time: 00:04:59

Health: 0/35       AC:  6    Str: 19    XL:     4   Next: 71%
Magic:  5/5        EV:  9    Int: 10    God:    Lugonu [***...]
Gold:   131        SH:  0    Dex: 14    Spells: 3/3 levels left

rFire   . . .      SeeInvis +   a - +1 hand axe
rCold   . . .      Faith    .   (no shield)
rNeg    . . .      Spirit   .   m - +0 scale mail
rPois   .          Reflect  .   (helmet unavailable)
rElec   .          Harm     .   (no cloak)
rCorr   .          Rampage  .   (no gloves)
Will    .....                   (no boots)
Stlth   ..........              (no amulet)
HPRegen 0.11/turn               (no ring)
MPRegen 0.09/turn               (no ring)

@: confused, flying, invisible
A: permanent stasis, dig shafts and tunnels, antennae 3, four strong arms
a: Dig, Shaft Self, Renounce Religion, Depart the Abyss, Bend Space, Banish


You were on level 3 of the Dungeon.
You worshipped Lugonu.
Lugonu was most pleased with you.
You visited 1 branch of the dungeon, and saw 3 of its levels.
You visited the Abyss 1 time.

You collected 131 gold pieces.

Inventory:

Hand Weapons
 a - a +1 hand axe (weapon)
Missiles
 f - 4 javelins
 r - 3 poisoned darts
Armour
 b - a +0 leather armour
 m - a +0 scale mail (worn)
Scrolls
 g - a scroll of magic mapping {unknown}
 h - 2 scrolls of fear {unknown}
 i - a scroll of identify {unknown}
 j - a scroll of torment {unknown}
 l - 2 scrolls of summoning {unknown}
 n - a scroll of blinking {unknown}
 p - a scroll of teleportation {unknown}
 q - a scroll of enchant weapon {unknown}
Potions
 c - a potion of invisibility
 d - a potion of flight
 e - a potion of cancellation {unknown}
 k - a potion of magic {unknown}
 o - a potion of ambrosia {unknown}


   Skills:
 - Level 3.2 Fighting
 + Level 4.5 Axes
 - Level 2.1 Armour
 - Level 0.8 Dodging
 - Level 2.1 Invocations


You had 3 spell levels left.
You didn't know any spells.
Your spell library was empty.

Dungeon Overview and Level Annotations

Branches:
Dungeon (3/15)

Altars:


Innate Abilities, Weirdness & Mutations

You cannot be hasted, slowed, berserked, paralysed or teleported.
You can dig through walls and to a lower floor.
You have a pair of large antennae on your head. (SInv)
Your four strong arms can wield two-handed weapons with a shield.


Message History

You hit the orc but do no damage. The orc barely misses you.
You hit the orc.
The orc is severely wounded.
The orc hits you but does no damage.
You slash the orc!
You kill the orc!
Lugonu accepts your kill.
The orc wizard gestures at you while chanting.
The magic dart hits you.
The orc wizard hits you but does no damage.
Things that are here:
a +0 trident; a +0 leather armour You closely miss the orc wizard.
The orc wizard closely misses you. The orc wizard completely misses you.
You slash the orc wizard!
The orc wizard is heavily wounded.
The orc wizard hits you but does no damage.
You hit the orc wizard.
The orc wizard is severely wounded.
The orc wizard casts a spell at you.
You are confused.
You hit the orc wizard but do no damage.
The orc wizard is severely wounded.
The orc wizard casts a spell at you. The puff of flame hits you!
* * * LOW HITPOINT WARNING * * *
You hit the orc wizard.
The orc wizard is almost dead.
The orc wizard points at you and mumbles some strange words.
The magic dart hits you!
* * * LOW HITPOINT WARNING * * *
It was a potion of invisibility.
You fade into invisibility!
The orc wizard casts a spell at you. You resist with some effort.
It was a potion of flight.
You feel very buoyant.
You fly up into the air.
The orc wizard hits you with a +0 dagger.
You die...

#... ..[ ...
..# #.# #o#
#o# #.# #@#
#.# #†# #.#
#.# #.# #.#
#.# #.# #)#
#.# #.# #.#
####.#######.#
#............#


You could see an orc wizard (invisible, unable to see you) and an orc (unable to
see you).

Vanquished Creatures
  2 adders
  A worm (D:3)
  An orc (D:3)
  8 ball pythons
  6 bats
  4 endoplasms
  4 giant cockroaches
  6 goblins
  2 hobgoblins
  7 jackals (D:3)
  2 quokkas (D:2)
  A frilled lizard (D:1)
  4 kobolds
  4 rats
52 creatures vanquished.

Notes
Turn   | Place    | Note
-------+----------+-------------------------------------------
     0 | Abyss:1  | emagee the Formicid Abyssal Knight began the quest for the
                  | Orb.
     0 | Abyss:1  | Reached XP level 1. HP: 18/18 MP: 2/2
     0 | Abyss:1  | Found a corrupted altar of Lugonu.
    19 | D:1      | Escaped the Abyss
   198 | D:1      | Reached XP level 2. HP: 22/23 MP: 3/3
   293 | D:1      | Reached skill level 3 in Axes
   432 | D:1      | Found a faded altar of an unknown god.
   502 | D:1      | Reached XP level 3. HP: 23/29 MP: 4/4
  1047 | D:2      | Reached *** piety under Lugonu
  1187 | D:2      | Noticed an ogre
  1206 | D:2      | Reached skill level 4 in Axes
  1206 | D:2      | Reached XP level 4. HP: 32/35 MP: 5/5
  1743 | D:3      | Slain by an orc wizard

Illustrated notes

Levels and vault maps discovered:
D:1:      co_arrival_hexagon_in_a_hexagon, layout_rooms,
          shapermc_ecumenical_altar_pompeii, minmay_cupped
D:2:      layout_rooms
D:3:      layout_loops_ring, serial_shops, nicolae_shop_statue_plus

Skill      XL: |  1  2  3 |
---------------+----------+-----
Axes           | 3 4 |  4.5
Fighting       | |  3.2
Armour         | |  2.1
Dodging        | |  0.8
Invocations    | |  2.1

Action                   |  1- 3 |  4- 6 || total
-------------------------+-------+-------++-------
Melee: Hand axe          |    88 |    66 ||   154
Throw: Dart              |       |     3 ||     3
 Abil: Dig               |     1 |       ||     1
  Use: Potion            |       |     2 ||     2
Armor: Leather armour    |    25 |       ||    25
       Scale mail        |    11 |    35 ||    46
Dodge: Dodged            |    61 |    21 ||    82
